[Event "FIN-ch 2019"]
[Site "Helsinki"]
[Date "2019.06.15"]
[Round "6.4"]
[White "Lahdelma, Henri"]
[Black "Hokkanen, Petri"]
[Result "1-0"]
[ECO "D37"]
[WhiteElo "2188"]
[BlackElo "2199"]
[Annotator "NA"]
[PlyCount "111"]
[EventDate "2019.06.10"]
[EventType "swiss"]
[EventCountry "FIN"]
[SourceTitle "playchess.com"]
[Source "ChessBase"]
[SourceQuality "1"]
[TimeControl "40/5400+30:1800+30"]

1. d4 d5 2. c4 e6 3. Nf3 Nf6 4. Nc3 Be7 5. Bf4 O-O 6. e3 b6 7. cxd5 Nxd5 8. Nxd5 Qxd5 9. Bxc7 Na6 10. Bg3 Bb7 11. a3 Qa5+ 12. Nd2 h5 13. h4 Rac8 14. Bd3 g6 15. O-O Rfd8 16. b4 Qd5 17. Be4 Qd7 18. Bxb7 Qxb7 19. Qb3 Nc7 20. Rac1 Nd5 21. Nc4 Nf6 22. f3 Qd5 23. Bf2 Qb5 24. Ne5 Nd5 25. Nd3 a5 26. a4 Qe8 27. b5 Rxc1 28. Rxc1 Rc8 29. Rc4 Nb4 30. Nxb4 Bxb4 31. e4 Rd8 32. Qc2 Qe7 33. Rc6 Qf6 34. Qc4 Qf4 35. Rxb6 Bd6 36. Rc6 Qh2+ 37. Kf1 Qh1+ 38. Ke2 Qxg2 39. e5 Be7 40. Ke3 g5 41. Rc8 g4 42. Rxd8+ Bxd8 43. fxg4 hxg4 44. Qc6 Qh3+ 45. Ke2 Kg7 46. Qa8 Bxh4 47. Bxh4 Qxh4 48. Qg2 g3 49. Ke3 f5 50. exf6+ Kxf6 51. b6 Qg5+ 52. Ke2 Ke7 53. b7 Qg8 54. Qc6 g2 55. Qc7+ Kf6 56. b8=Q 1-0

[Event "FIN-ch 2019"]
[Site "Helsinki"]
[Date "2019.06.15"]
[Round "6.5"]
[White "Ristoja, Samu"]
[Black "Luukkonen, Tommi"]
[Result "1/2-1/2"]
[ECO "B51"]
[WhiteElo "2197"]
[BlackElo "2330"]
[Annotator "NA"]
[PlyCount "103"]
[EventDate "2019.06.10"]
[EventType "swiss"]
[EventCountry "FIN"]
[SourceTitle "playchess.com"]
[Source "ChessBase"]
[SourceQuality "1"]
[TimeControl "40/5400+30:1800+30"]

1. e4 c5 2. Nf3 d6 3. Bb5+ Nd7 4. O-O Ngf6 5. Re1 a6 6. Bf1 b6 7. d4 cxd4 8. Nxd4 Bb7 9. f3 e6 10. c4 Be7 11. Nc3 O-O 12. Be3 Rc8 13. Qd2 Ne5 14. b3 Qc7 15. Na4 Nfd7 16. Qf2 Nc5 17. Nb2 Kh8 18. Rac1 g5 19. h3 Rg8 20. b4 Ncd7 21. Ne2 Rg6 22. Bd4 Kg8 23. f4 gxf4 24. Kh1 Nf6 25. Nxf4 Nxe4 26. Rxe4 Bxe4 27. Nxg6 fxg6 28. Bxb6 Qb7 29. c5 dxc5 30. Bxc5 Nd7 31. Nd3 Rf8 32. Qe2 Nf6 33. Bxe7 Qxe7 34. Nc5 Bd5 35. Qe5 a5 36. a3 axb4 37. axb4 Ne8 38. Bc4 Rf5 39. Qe2 Qg5 40. Nd3 Re5 41. Nxe5 Qxc1+ 42. Qf1 Qxf1+ 43. Bxf1 Nd6 44. Kg1 Kg7 45. Bd3 Kf6 46. Nd7+ Ke7 47. Ne5 Nf5 48. g4 Nd4 49. Kf2 Kd6 50. Nf7+ Ke7 51. Ng5 h6 52. Ne4 1/2-1/2

[Event "FIN-ch 2019"]
[Site "Helsinki"]
[Date "2019.06.15"]
[Round "6.6"]
[White "Norri, Joose"]
[Black "Tiitta, Sauli"]
[Result "1-0"]
[ECO "A10"]
[WhiteElo "2271"]
[BlackElo "2214"]
[Annotator "NA"]
[PlyCount "97"]
[EventDate "2019.06.10"]
[EventType "swiss"]
[EventCountry "FIN"]
[SourceTitle "playchess.com"]
[Source "ChessBase"]
[SourceQuality "1"]
[TimeControl "40/5400+30:1800+30"]

1. c4 a6 2. g3 e6 3. Bg2 d5 4. Na3 Nf6 5. b3 c5 6. Nf3 Nc6 7. O-O Bd6 8. Bb2 O-O 9. Nc2 d4 10. d3 e5 11. a3 Re8 12. e3 dxe3 13. fxe3 Bg4 14. e4 Nd4 15. Ne3 Bh5 16. h3 Bxf3 17. Bxf3 Qb6 18. Rb1 Qxb3 19. Qxb3 Nxb3 20. Nf5 Bb8 21. Bc3 Nd4 22. Bxd4 exd4 23. Rxb7 Kf8 24. g4 Ra7 25. Rxa7 Bxa7 26. Nd6 Re6 27. g5 Nd7 28. Nc8 Rc6 29. Nxa7 Rc7 30. Nb5 axb5 31. cxb5 Ne5 32. Be2 c4 33. dxc4 d3 34. Bd1 Rxc4 35. b6 Rxe4 36. Bb3 d2 37. b7 Nc6 38. Rxf7+ Ke8 39. Rc7 Re7 40. Rxc6 Rxb7 41. Ba4 Ke7 42. Kf2 Ra7 43. Bd1 Rxa3 44. h4 Ra1 45. Ke2 Rc1 46. Rc2 Rxc2 47. Bxc2 Kf7 48. Bxh7 g6 49. Bxg6+ 1-0

[Event "FIN-ch 2019"]
[Site "Helsinki"]
[Date "2019.06.15"]
[Round "6.7"]
[White "Lindholm, Jere"]
[Black "Jarvenpaa, Jari"]
[Result "1-0"]
[ECO "B32"]
[WhiteElo "2145"]
[BlackElo "2204"]
[Annotator "NA"]
[PlyCount "107"]
[EventDate "2019.06.10"]
[EventType "swiss"]
[EventCountry "FIN"]
[SourceTitle "playchess.com"]
[Source "ChessBase"]
[SourceQuality "1"]
[TimeControl "40/5400+30:1800+30"]

1. e4 c5 2. Nf3 Nc6 3. d4 cxd4 4. Nxd4 e5 5. Nb5 d6 6. N1c3 a6 7. Na3 Be6 8. Nc4 b5 9. Ne3 Nf6 10. g3 h5 11. h4 g6 12. Bg2 Bh6 13. Ncd5 Nd4 14. Nxf6+ Qxf6 15. O-O Qd8 16. c3 Nc6 17. a4 b4 18. Nd5 Bxc1 19. Rxc1 bxc3 20. Rxc3 Bxd5 21. Qxd5 Nd4 22. Rc4 O-O 23. f4 Qb6 24. Kh2 Qxb2 25. fxe5 dxe5 26. Rc7 Qb3 27. Qxe5 Rad8 28. Qf6 Qe6 29. Qg5 Qd6 30. Rb7 Rde8 31. Qd5 Qxd5 32. exd5 Nf5 33. Rf2 Ne3 34. Rd2 Rd8 35. d6 Nc4 36. Rd4 Nxd6 37. Ra7 Nf5 38. Rxd8 Rxd8 39. Rxa6 Ne3 40. Ra8 Rxa8 41. Bxa8 Nc4 42. Bd5 Nb6 43. Bb3 Kf8 44. a5 Nc8 45. Kg2 Ke7 46. Kf3 f6 47. Kf4 Kd6 48. Bf7 Ne7 49. Bxg6 Nxg6+ 50. Kf5 Nf8 51. Kxf6 Kc6 52. Kg5 Kb5 53. Kxh5 Kxa5 54. g4 1-0

[Event "FIN-ch 2019"]
[Site "Helsinki"]
[Date "2019.06.16"]
[Round "7.1"]
[White "Keinanen, Toivo"]
[Black "Norri, Joose"]
[Result "1-0"]
[ECO "A32"]
[WhiteElo "2370"]
[BlackElo "2271"]
[Annotator "NA"]
[PlyCount "71"]
[EventDate "2019.06.10"]
[EventType "swiss"]
[EventCountry "FIN"]
[SourceTitle "playchess.com"]
[Source "ChessBase"]
[SourceQuality "1"]
[TimeControl "40/5400+30:1800+30"]

1. d4 Nf6 2. c4 c5 3. Nf3 cxd4 4. Nxd4 e6 5. g3 Qc7 6. b3 Bb4+ 7. Bd2 Bc5 8. e3 d5 9. Nb5 Qe7 10. Bg2 Nc6 11. O-O O-O 12. cxd5 exd5 13. Bc3 Rd8 14. Nd4 Bg4 15. Nxc6 bxc6 16. Qc1 Ne4 17. Bd4 Bxd4 18. exd4 Qf6 19. Nd2 Ng5 20. h4 Ne6 21. Qxc6 Rac8 22. Qa6 Rc2 23. Qa5 Qxd4 24. Nf3 Qf6 25. Ng5 Be2 26. Rfc1 Rdc8 27. Re1 Ba6 28. Nh3 Nd4 29. Qxd5 Ne2+ 30. Kh2 h6 31. Qe4 Rb2 32. Qe3 Rc7 33. Rad1 Rxa2 34. Qe8+ Kh7 35. Rd8 Nxg3 36. h5 1-0

[Event "FIN-ch 2019"]
[Site "Helsinki"]
[Date "2019.06.16"]
[Round "7.2"]
[White "Nyysti, Sampsa"]
[Black "Koykka, Pekka"]
[Result "1/2-1/2"]
[ECO "C18"]
[WhiteElo "2320"]
[BlackElo "2399"]
[Annotator "NA"]
[PlyCount "86"]
[EventDate "2019.06.10"]
[EventType "swiss"]
[EventCountry "FIN"]
[SourceTitle "playchess.com"]
[Source "ChessBase"]
[SourceQuality "1"]
[TimeControl "40/5400+30:1800+30"]

1. e4 e6 2. d4 d5 3. Nc3 Bb4 4. e5 c5 5. a3 Bxc3+ 6. bxc3 Ne7 7. Qg4 cxd4 8. Bd3 Qa5 9. Rb1 Nd7 10. Nf3 Qxc3+ 11. Bd2 Qc7 12. Qxg7 Rg8 13. Qxh7 Nxe5 14. Nxe5 Qxe5+ 15. Kf1 Bd7 16. Rxb7 Bc6 17. Rxe7+ Kxe7 18. Bb4+ Kf6 19. Qh6+ Rg6 20. Bxg6 fxg6 21. Qh7 Re8 22. h4 Qh5 23. Qxh5 gxh5 24. Rh3 Ba4 25. c3 d3 26. Ke1 Bc2 27. Rf3+ Kg6 28. Rf8 Rxf8 29. Bxf8 Kf5 30. Kd2 e5 31. Ke3 Kg4 32. Be7 e4 33. Bc5 a6 34. g3 Kf5 35. Kd2 Ke6 36. Bb4 Kd7 37. Bf8 Bb3 38. Bb4 Kc6 39. Bf8 Kb5 40. Be7 Kc4 41. Bf6 Ba4 42. Bg7 Kb3 43. Bf8 Kc4 1/2-1/2

[Event "FIN-ch 2019"]
[Site "Helsinki"]
[Date "2019.06.16"]
[Round "7.3"]
[White "Sipila, Vilka"]
[Black "Lahdelma, Henri"]
[Result "0-1"]
[ECO "C11"]
[WhiteElo "2410"]
[BlackElo "2188"]
[Annotator "NA"]
[PlyCount "116"]
[EventDate "2019.06.10"]
[EventType "swiss"]
[EventCountry "FIN"]
[SourceTitle "playchess.com"]
[Source "ChessBase"]
[SourceQuality "1"]
[TimeControl "40/5400+30:1800+30"]

1. e4 e6 2. d4 d5 3. Nc3 Nf6 4. e5 Nfd7 5. f4 c5 6. Nf3 Nc6 7. Be3 Be7 8. Qd2 O-O 9. dxc5 Bxc5 10. O-O-O Qa5 11. a3 a6 12. Bxc5 Nxc5 13. Qe3 Qb6 14. Nd4 Nxd4 15. Rxd4 Qc7 16. h4 Bd7 17. h5 f5 18. exf6 Rxf6 19. g3 Rc8 20. Bd3 b5 21. Rh2 Nxd3+ 22. Qxd3 Be8 23. Qe3 a5 24. f5 b4 25. axb4 e5 26. Rxd5 axb4 27. Nd1 Rxf5 28. g4 Rf1 29. Qxe5 Qxe5 30. Rxe5 Bc6 31. Rf2 Rg1 32. Rc5 Rd8 33. Rd2 Ra8 34. Kb1 Bf3 35. Rcd5 Bxd5 36. Rxd5 Rxg4 37. b3 Rc8 38. Ne3 Re4 39. Nc4 Rb8 40. Ne5 Re8 41. Nc4 g6 42. hxg6 hxg6 43. Rb5 Kh7 44. Kb2 R8e7 45. Rxb4 g5 46. Rb5 g4 47. Nd6 R4e5 48. Rb4 g3 49. Rh4+ Kg8 50. Rh1 g2 51. Rg1 Rg7 52. Nc4 Re2 53. Kc3 Rg3+ 54. Kd4 Rxc2 55. Ke4 Rf2 56. Rd1 Rf1 57. Rd5 g1=Q 58. Ne5 Qe3# 0-1

[Event "FIN-ch 2019"]
[Site "Helsinki"]
[Date "2019.06.16"]
[Round "7.4"]
[White "Hokkanen, Petri"]
[Black "Ronka, Erik"]
[Result "1-0"]
[ECO "B13"]
[WhiteElo "2199"]
[BlackElo "2270"]
[Annotator "NA"]
[PlyCount "95"]
[EventDate "2019.06.10"]
[EventType "swiss"]
[EventCountry "FIN"]
[SourceTitle "playchess.com"]
[Source "ChessBase"]
[SourceQuality "1"]
[TimeControl "40/5400+30:1800+30"]

1. e4 c6 2. d4 d5 3. exd5 cxd5 4. Bd3 Nc6 5. c3 Qc7 6. h3 Nf6 7. Nf3 g6 8. O-O Bf5 9. Re1 Bxd3 10. Qxd3 Bg7 11. g3 O-O 12. Bf4 Qd7 13. Kg2 Nh5 14. Bc1 Qd6 15. Qe3 Rfe8 16. g4 Nf6 17. Ne5 Nd7 18. f4 Nf8 19. Nd2 f6 20. Nxc6 bxc6 21. Nf3 e6 22. Bd2 Nd7 23. Qf2 c5 24. Re2 Rab8 25. b3 cxd4 26. cxd4 Qa6 27. Bc3 Rbc8 28. Re3 f5 29. g5 Rc6 30. h4 Rec8 31. Qd2 R8c7 32. Kg3 Qc8 33. Bb4 Rc2 34. Qe1 Rc1 35. Rxc1 Rxc1 36. Rc3 Rxc3 37. Qxe6+ Kh8 38. Bxc3 Nb6 39. Qe3 Qc6 40. Bb4 Nc8 41. Bc5 h6 42. a4 h5 43. b4 Qxa4 44. Qe6 Nb6 45. Qxg6 Nd7 46. Qe8+ Kh7 47. g6+ Kh6 48. Be7 1-0

[Event "FIN-ch 2019"]
[Site "Helsinki"]
[Date "2019.06.16"]
[Round "7.5"]
[White "Tiitta, Sauli"]
[Black "Agopov, Mikael"]
[Result "1/2-1/2"]
[ECO "B20"]
[WhiteElo "2214"]
[BlackElo "2432"]
[Annotator "NA"]
[PlyCount "63"]
[EventDate "2019.06.10"]
[EventType "swiss"]
[EventCountry "FIN"]
[SourceTitle "playchess.com"]
[Source "ChessBase"]
[SourceQuality "1"]
[TimeControl "40/5400+30:1800+30"]

1. e4 c5 2. b3 Nf6 3. Nc3 Nc6 4. Nf3 g6 5. Bb2 Bg7 6. Qe2 O-O 7. O-O-O Nd4 8. Nxd4 cxd4 9. Nb5 e5 10. c3 $17 ({White should try} 10. Nd6 $15) 10... d5 11. cxd4 dxe4 12. dxe5 Ng4 13. f4 a6 14. Nc3 Qb6 15. Nxe4 Bf5 16. h3 Rfc8+ 17. Bc3 Bxe4 18. hxg4 Bd5 19. Kb2 a5 20. Qb5 Qd8 21. Rh3 Bf8 22. Qd3 a4 23. b4 Rc4 24. Qg3 Rxb4+ 25. Bxb4 Qb6 26. a3 Bxb4 27. axb4 Qxb4+ 28. Ka1 Bb3 29. Qc3 Qa3+ 30. Kb1 Qa2+ 31. Kc1 Qa3+ 32. Kb1 1/2-1/2

[Event "FIN-ch 2019"]
[Site "Helsinki"]
[Date "2019.06.16"]
[Round "7.7"]
[White "Luukkonen, Tommi"]
[Black "Lindholm, Jere"]
[Result "0-1"]
[ECO "C16"]
[WhiteElo "2330"]
[BlackElo "2145"]
[Annotator "NA"]
[PlyCount "62"]
[EventDate "2019.06.10"]
[EventType "swiss"]
[EventCountry "FIN"]
[SourceTitle "playchess.com"]
[Source "ChessBase"]
[SourceQuality "1"]
[TimeControl "40/5400+30:1800+30"]

1. e4 e6 2. d4 d5 3. Nc3 Bb4 4. e5 b6 5. Bd2 Ne7 6. Qg4 O-O 7. O-O-O c5 8. dxc5 Bxc3 9. Bxc3 bxc5 10. h4 Qb6 11. h5 h6 12. Bd2 Kh8 13. Rh3 Nbc6 14. Rg3 Nf5 15. Rb3 Qc7 16. f4 c4 17. Ra3 Qb6 18. Ne2 Rb8 19. b3 d4 20. Kb1 Qc5 21. Bc1 Ne3 22. Bxe3 Qxa3 23. Bc1 Qc5 24. Bb2 c3 25. Bc1 Bb7 26. Qh4 Rfd8 27. Qf2 a5 28. Ng3 Nb4 29. Bd3 a4 30. f5 axb3 31. cxb3 Ba6 0-1

[Event "FIN-ch 2019"]
[Site "Helsinki"]
[Date "2019.06.17"]
[Round "8.1"]
[White "Keinanen, Toivo"]
[Black "Hokkanen, Petri"]
[Result "1-0"]
[ECO "A14"]
[WhiteElo "2370"]
[BlackElo "2199"]
[Annotator "NA"]
[PlyCount "87"]
[EventDate "2019.06.10"]
[EventType "swiss"]
[EventCountry "FIN"]
[SourceTitle "playchess.com"]
[Source "ChessBase"]
[SourceQuality "1"]
[TimeControl "40/5400+30:1800+30"]

1. c4 e6 2. g3 d5 3. Bg2 Nf6 4. Nf3 Be7 5. O-O O-O 6. b3 c6 7. Bb2 b6 8. d3 Bb7 9. Nc3 Nbd7 10. Qd2 Re8 11. Rfd1 e5 12. cxd5 cxd5 13. Rac1 d4 14. Nb5 Nd5 15. e4 a6 16. Nbxd4 Bb4 17. Qg5 Be7 18. Qd2 Bb4 19. Qc2 Rc8 20. Qb1 Nc3 21. Bxc3 Bxc3 22. Ne2 Bb4 23. Rxc8 Qxc8 24. Bh3 Qc7 25. d4 Nf6 26. d5 Qd6 27. Kg2 g6 28. Nc1 a5 29. Kg1 h5 30. a4 Ng4 31. Nd3 Bc3 32. Qc1 Rc8 33. Qg5 Kg7 34. Nh4 Kh7 35. Bxg4 hxg4 36. Qxg4 Rc7 37. Nf3 Kg8 38. Qg5 f5 39. Nh4 fxe4 40. Nf5 Qxd5 41. Ne3 Qd6 42. Nxe5 Bd4 43. Nxg6 Rg7 44. Ne7+ 1-0

[Event "FIN-ch 2019"]
[Site "Helsinki"]
[Date "2019.06.17"]
[Round "8.2"]
[White "Lahdelma, Henri"]
[Black "Koykka, Pekka"]
[Result "1-0"]
[ECO "A57"]
[WhiteElo "2188"]
[BlackElo "2399"]
[Annotator "NA"]
[PlyCount "91"]
[EventDate "2019.06.10"]
[EventType "swiss"]
[EventCountry "FIN"]
[SourceTitle "playchess.com"]
[Source "ChessBase"]
[SourceQuality "1"]
[TimeControl "40/5400+30:1800+30"]

1. d4 Nf6 2. c4 c5 3. d5 b5 4. cxb5 a6 5. f3 e6 6. e4 exd5 7. e5 Qe7 8. Qe2 Ng8 9. Nc3 Bb7 10. Nh3 Qd8 11. Nf4 Ne7 12. Bd2 g6 13. bxa6 Nxa6 14. Nb5 Nf5 15. g4 Ng7 16. h4 Nc7 17. h5 gxh5 18. Nxh5 Nxh5 19. Nd6+ Bxd6 20. exd6+ Ne6 21. Rxh5 Qf6 22. Bg5 Qd4 23. Rd1 Qb4+ 24. Rd2 f6 25. Bxf6 O-O 26. Qd3 Rf7 27. a3 Qf4 28. Be5 Qxf3 29. Qxf3 Rxf3 30. Bd3 Ra4 31. Bxh7+ Kf7 32. Bf5 Ba6 33. Rf2 Re3+ 34. Kd2 Rxe5 35. Bc2+ Kg7 36. Bxa4 Ng5 37. Rf5 Re2+ 38. Kc1 Ne6 39. Re5 Rg2 40. Rxe6 dxe6 41. d7 Rg1+ 42. Kc2 Rg2+ 43. Kb1 Bd3+ 44. Ka2 Rg1 45. Bd1 Rxd1 46. d8=Q 1-0

[Event "FIN-ch 2019"]
[Site "Helsinki"]
[Date "2019.06.17"]
[Round "8.3"]
[White "Nyysti, Sampsa"]
[Black "Sipila, Vilka"]
[Result "1-0"]
[ECO "C65"]
[WhiteElo "2320"]
[BlackElo "2410"]
[Annotator "NA"]
[PlyCount "113"]
[EventDate "2019.06.10"]
[EventType "swiss"]
[EventCountry "FIN"]
[SourceTitle "playchess.com"]
[Source "ChessBase"]
[SourceQuality "1"]
[TimeControl "40/5400+30:1800+30"]

1. e4 e5 2. Nf3 Nc6 3. Bb5 Nf6 4. d3 Bc5 5. Bxc6 dxc6 6. Nbd2 O-O 7. Nc4 Nd7 8. Qe2 f6 9. Nh4 a5 10. Be3 b5 11. Nd2 a4 12. a3 g6 13. O-O Bd6 14. g3 Nc5 15. Kh1 f5 16. exf5 gxf5 17. f4 exf4 18. Bxf4 Be7 19. Ndf3 Ne6 20. Be5 c5 21. Rae1 Ra6 22. Ng2 Bb7 23. h3 Bf6 24. Kh2 Ng7 25. Qe3 Bxe5 26. Qxe5 Qd6 27. Qxd6 cxd6 28. Nfh4 Raa8 29. Re7 Rf7 30. Rxf7 Kxf7 31. Nxf5 Nxf5 32. Rxf5+ Kg7 33. Nf4 Bc8 34. Rd5 Ra6 35. g4 h6 36. g5 b4 37. h4 bxa3 38. bxa3 Rb6 39. Kg3 Bd7 40. gxh6+ Kxh6 41. Rg5 c4 42. dxc4 Rc6 43. Rd5 Be8 44. Rd4 Bf7 45. Nd5 Bxd5 46. cxd5 Rc3+ 47. Rd3 Rxc2 48. Kf4 Kh5 49. Rd4 Rh2 50. Kf5 Re2 51. Re4 Rxe4 52. Kxe4 Kg4 53. h5 Kg5 54. h6 Kg6 55. h7 Kxh7 56. Kf5 Kg7 57. Ke6 1-0

[Event "FIN-ch 2019"]
[Site "Helsinki"]
[Date "2019.06.17"]
[Round "8.4"]
[White "Ronka, Erik"]
[Black "Agopov, Mikael"]
[Result "0-1"]
[ECO "B44"]
[WhiteElo "2270"]
[BlackElo "2432"]
[Annotator "NA"]
[PlyCount "82"]
[EventDate "2019.06.10"]
[EventType "swiss"]
[EventCountry "FIN"]
[SourceTitle "playchess.com"]
[Source "ChessBase"]
[SourceQuality "1"]
[TimeControl "40/5400+30:1800+30"]

1. e4 c5 2. Nf3 e6 3. d4 cxd4 4. Nxd4 Nc6 5. Nb5 d6 6. Bf4 e5 7. Be3 Nf6 8. Bg5 Be6 9. Nd2 a6 10. Nc3 Be7 11. Bxf6 Bxf6 12. Nc4 Nd4 13. Bd3 Bg5 14. Nd5 Bxd5 15. exd5 O-O 16. O-O Nb5 17. a4 Na7 18. g3 Re8 19. Qg4 Nc8 20. a5 Bf6 21. Rae1 g6 22. f4 e4 23. Rxe4 Rxe4 24. Bxe4 b5 25. axb6 Nxb6 26. Na5 Na4 27. Nc6 Qb6+ 28. Kh1 Nxb2 29. Qd7 Nc4 30. Bg2 Kg7 31. g4 Ne3 32. Rg1 Nxg2 33. Rxg2 Qb1+ 34. Rg1 Qxc2 35. Qxd6 Re8 36. f5 Qe4+ 37. Rg2 Qf3 38. h4 Re1+ 39. Kh2 Be5+ 40. Nxe5 Qf4+ 41. Rg3 Qf2+ 0-1

[Event "FIN-ch 2019"]
[Site "Helsinki"]
[Date "2019.06.17"]
[Round "8.5"]
[White "Norri, Joose"]
[Black "Lindholm, Jere"]
[Result "0-1"]
[ECO "D94"]
[WhiteElo "2271"]
[BlackElo "2145"]
[Annotator "NA"]
[PlyCount "121"]
[EventDate "2019.06.10"]
[EventType "swiss"]
[EventCountry "FIN"]
[SourceTitle "playchess.com"]
[Source "ChessBase"]
[SourceQuality "1"]
[TimeControl "40/5400+30:1800+30"]

1. d4 Nf6 2. c4 g6 3. Nc3 d5 4. Nf3 Bg7 5. e3 O-O 6. cxd5 Nxd5 7. Bc4 Nxc3 8. bxc3 c5 9. O-O b6 10. a4 Nc6 11. Ba3 Qc7 12. Be2 Rd8 13. Qc2 Na5 14. dxc5 bxc5 15. Rab1 Bd7 16. Rfd1 Rab8 17. c4 Nb7 18. Bb2 Bxb2 19. Rxb2 Nd6 20. Rdb1 Rxb2 21. Qxb2 Bxa4 22. Qa3 Bd7 23. Ra1 Be6 24. Ne5 f6 25. Nd3 Bxc4 26. Nxc5 Bxe2 27. Ne6 Qd7 28. Nxd8 Qxd8 29. Qb2 Bc4 30. Rxa7 Nb5 31. Ra1 Qd3 32. Rc1 Nd6 33. h3 Kf7 34. Qb4 Bd5 35. Rc7 Qe4 36. Qxe4 Bxe4 37. f3 Bd5 38. Kf2 Ke6 39. Ra7 f5 40. g4 Kf6 41. Ra6 h5 42. Ra5 e6 43. gxh5 gxh5 44. h4 Nc4 45. Ra7 Ne5 46. f4 Ng4+ 47. Ke2 Bc4+ 48. Kf3 e5 49. fxe5+ Kxe5 50. Rh7 Bd5+ 51. Kg3 Nxe3 52. Rxh5 Ke4 53. Rh8 f4+ 54. Kf2 Ng4+ 55. Ke1 f3 56. Rf8 Ke3 57. h5 f2+ 58. Kf1 Bf3 59. Re8+ Kf4 60. h6 Kg3 61. Rf8 0-1

[Event "FIN-ch 2019"]
[Site "Helsinki"]
[Date "2019.06.17"]
[Round "8.6"]
[White "Ristoja, Samu"]
[Black "Tiitta, Sauli"]
[Result "1-0"]
[ECO "A43"]
[WhiteElo "2197"]
[BlackElo "2214"]
[Annotator "NA"]
[PlyCount "67"]
[EventDate "2019.06.10"]
[EventType "swiss"]
[EventCountry "FIN"]
[SourceTitle "playchess.com"]
[Source "ChessBase"]
[SourceQuality "1"]
[TimeControl "40/5400+30:1800+30"]

1. d4 c5 2. d5 Nf6 3. Nc3 d6 4. e4 g6 5. Nf3 Bg7 6. Be2 O-O 7. O-O b6 8. Re1 Na6 9. h3 Nc7 10. a4 e6 11. dxe6 fxe6 12. e5 Nfd5 13. Bg5 Qd7 14. Nxd5 exd5 15. Bb5 Nxb5 16. Qxd5+ Qf7 17. Qxa8 Nd4 18. Nxd4 Bb7 19. Qxf8+ Qxf8 20. Ne6 Qf5 21. exd6 Qd5 22. Nf4 Qxd6 23. Rad1 Bd4 24. c3 Bc6 25. cxd4 cxd4 26. Re7 h6 27. Re6 Qc5 28. Rxg6+ Kf7 29. Rg7+ Kxg7 30. Ne6+ Kg6 31. Nxc5 bxc5 32. Be7 Bxa4 33. Ra1 Bc2 34. Bxc5 1-0

[Event "FIN-ch 2019"]
[Site "Helsinki"]
[Date "2019.06.17"]
[Round "8.7"]
[White "Jarvenpaa, Jari"]
[Black "Luukkonen, Tommi"]
[Result "1-0"]
[ECO "D02"]
[WhiteElo "2204"]
[BlackElo "2330"]
[Annotator "NA"]
[PlyCount "79"]
[EventDate "2019.06.10"]
[EventType "swiss"]
[EventCountry "FIN"]
[SourceTitle "playchess.com"]
[Source "ChessBase"]
[SourceQuality "1"]
[TimeControl "40/5400+30:1800+30"]

1. d4 d5 2. Nf3 c5 3. dxc5 Na6 4. e4 e6 5. exd5 Bxc5 6. Bb5+ Bd7 7. Bc4 Qb6 8. O-O O-O-O 9. dxe6 Bxe6 10. Bxe6+ Qxe6 11. Qe1 Nf6 12. Qxe6+ fxe6 13. Bg5 h6 14. Bxf6 gxf6 15. Nbd2 Nc7 16. Rfe1 Rd7 17. Nb3 Bb4 18. c3 Be7 19. Nfd4 e5 20. Nf5 Ne6 21. g3 Ng5 22. Kg2 Bd8 23. Rad1 Bb6 24. Rxd7 Kxd7 25. h4 Nf7 26. Ne3 Nd6 27. Nd5 Bd8 28. Rd1 a5 29. Nc5+ Kc6 30. Ne6 f5 31. b3 b5 32. c4 bxc4 33. bxc4 Nf7 34. Nxd8+ Nxd8 35. Ne7+ Kc5 36. Rd5+ Kxc4 37. Rxa5 Nf7 38. Nxf5 Rd8 39. Ra7 Nd6 40. Nxh6 1-0

[Event "FIN-ch 2019"]
[Site "Helsinki"]
[Date "2019.06.18"]
[Round "9.1"]
[White "Lahdelma, Henri"]
[Black "Keinanen, Toivo"]
[Result "1/2-1/2"]
[ECO "D31"]
[WhiteElo "2188"]
[BlackElo "2370"]
[Annotator "NA"]
[PlyCount "40"]
[EventDate "2019.06.10"]
[EventType "swiss"]
[EventCountry "FIN"]
[SourceTitle "playchess.com"]
[Source "ChessBase"]
[SourceQuality "1"]
[TimeControl "40/5400+30:1800+30"]

1. d4 d5 2. c4 e6 3. Nc3 Be7 4. cxd5 exd5 5. Bf4 c6 6. e3 Bf5 7. Nge2 Nd7 8. Ng3 Bg6 9. Be2 Ngf6 10. h4 h5 11. Bf3 Qb6 12. Qe2 Kf8 13. Rc1 Re8 14. O-O Qd8 15. Rfe1 Ng4 16. e4 Bxh4 17. Qd2 Bxg3 18. Bxg3 dxe4 19. Bxe4 Kg8 20. Bxg6 fxg6 1/2-1/2

[Event "FIN-ch 2019"]
[Site "Helsinki"]
[Date "2019.06.18"]
[Round "9.2"]
[White "Koykka, Pekka"]
[Black "Hokkanen, Petri"]
[Result "1-0"]
[ECO "B35"]
[WhiteElo "2399"]
[BlackElo "2199"]
[Annotator "NA"]
[PlyCount "40"]
[EventDate "2019.06.10"]
[EventType "swiss"]
[EventCountry "FIN"]
[SourceTitle "playchess.com"]
[Source "ChessBase"]
[SourceQuality "1"]
[TimeControl "40/5400+30:1800+30"]

1. e4 c5 2. Nf3 Nc6 3. d4 cxd4 4. Nxd4 g6 5. Nc3 Bg7 6. Be3 Nf6 7. Bc4 O-O 8. Bb3 Qa5 9. O-O d6 10. h3 Bd7 11. Re1 Qh5 12. Nxc6 bxc6 13. e5 Qxe5 14. Bd4 Qg5 15. Rxe7 Bf5 16. Be3 Qh4 17. Qxd6 Nh5 18. Rxa7 Rxa7 19. Bxa7 Re8 20. Qxc6 Rd8 1-0

[Event "FIN-ch 2019"]
[Site "Helsinki"]
[Date "2019.06.18"]
[Round "9.3"]
[White "Ristoja, Samu"]
[Black "Nyysti, Sampsa"]
[Result "0-1"]
[ECO "C47"]
[WhiteElo "2197"]
[BlackElo "2320"]
[Annotator "NA"]
[PlyCount "116"]
[EventDate "2019.06.10"]
[EventType "swiss"]
[EventCountry "FIN"]
[SourceTitle "playchess.com"]
[Source "ChessBase"]
[SourceQuality "1"]
[TimeControl "40/5400+30:1800+30"]

1. e4 e5 2. Nf3 Nc6 3. d4 exd4 4. Nxd4 Nf6 5. Nc3 Bb4 6. Nxc6 bxc6 7. Bd3 d5 8. exd5 O-O 9. O-O cxd5 10. h3 Re8 11. Qf3 h6 12. Bf4 Be6 13. a3 Bd6 14. Nb5 Bxf4 15. Qxf4 Re7 16. b4 c6 17. Nd4 Rc8 18. Nb3 Qc7 19. Qxc7 Rexc7 20. f4 Rd8 21. Nc5 Bc8 22. Rae1 Kf8 23. f5 Nd7 24. Nxd7+ Rdxd7 25. Kf2 c5 26. bxc5 Rxc5 27. Rb1 Ke7 28. Rfe1+ Kf6 29. g4 Rdc7 30. Rb4 Ra5 31. Rb3 h5 32. Kg3 hxg4 33. hxg4 Kg5 34. Re5 Ra4 35. Rb4 Rxa3 36. f6+ Kxf6 37. Kf4 Bxg4 38. Rxd5 Be6 39. Rdb5 a5 40. Rb1 Ra7 41. Ke4 Ra4+ 42. Ke3 Rh4 43. Rf1+ Ke7 44. Rg1 g6 45. Kd2 a4 46. Kc1 a3 47. Kb1 Raa4 48. Rb7+ Kf6 49. Ka1 Rag4 50. Rf1+ Rf4 51. Rg1 Rhg4 52. Re1 Rg2 53. Ra7 a2 54. c4 Rd2 55. Be2 Re4 56. Rf1+ Kg7 57. Bd1 Bxc4 58. Bb3 Bxf1 0-1

[Event "FIN-ch 2019"]
[Site "Helsinki"]
[Date "2019.06.18"]
[Round "9.4"]
[White "Agopov, Mikael"]
[Black "Luukkonen, Tommi"]
[Result "1-0"]
[ECO "B08"]
[WhiteElo "2432"]
[BlackElo "2330"]
[Annotator "NA"]
[PlyCount "65"]
[EventDate "2019.06.10"]
[EventType "swiss"]
[EventCountry "FIN"]
[SourceTitle "playchess.com"]
[Source "ChessBase"]
[SourceQuality "1"]
[TimeControl "40/5400+30:1800+30"]

1. e4 g6 2. d4 Bg7 3. Nc3 c6 4. Nf3 d6 5. Be3 b5 6. Bd3 Nf6 7. h3 O-O 8. O-O Nbd7 9. a4 b4 10. Ne2 e5 11. dxe5 dxe5 12. Nc1 Qe7 13. Nb3 Nh5 14. a5 Rd8 15. Qd2 Nf4 16. Rfd1 Nf8 17. Bc5 Qf6 18. Qxb4 Nxh3+ 19. Kf1 Re8 20. Bc4 g5 21. Qc3 Nf4 22. g3 Qh6 23. gxf4 Bh3+ 24. Ke1 exf4 25. Bd4 Rxe4+ 26. Kd2 Rd8 27. Kc1 Bxd4 28. Nfxd4 Bg4 29. f3 Re3 30. Bd3 Be6 31. Nc5 Re8 32. Ra4 Ng6 33. Ndxe6 1-0